 Dungeon Crawl Stone Soup version 0.27.1-33-g824d729ab1 (webtiles) character file.

Game seed: 11403685334547157761

296 H0rd4k the Charlatan (level 6, -4/44 HPs)
             Began as a Human Artificer on Dec 14, 2021.
             Slain by a wyvern zombie (16 damage)
             ... on level 5 of the Dungeon.
             The game lasted 00:05:43 (5855 turns).

H0rd4k the Charlatan (Human Artificer)              Turns: 5855, Time: 00:05:44

Health: -4/44      AC:  5    Str: 14    XL:     6   Next: 61%
Magic:  6/6        EV: 16    Int: 12    God:
Gold:   198        SH:  0    Dex: 13    Spells: 5/5 levels left

rFire    . . .     SeeInvis .   g - +0 short sword (freeze)
rCold    . . .     Faith    .   (no shield)
rNeg     . . .     Spirit   .   b - +0 leather armour
rPois    .         Reflect  .   i - +2 hat
rElec    .         Harm     +   o - scarf {harm}
rCorr    .         Rampage  .   (no gloves)
Will     .....                  (no boots)
Stlth    +.........             (no amulet)
HPRegen  0.14/turn              p - +4 ring of evasion
MPRegen  0.10/turn              (no ring)

@: no status effects
A: no striking features
a: no special abilities


You were on level 5 of the Dungeon.
You visited 2 branches of the dungeon, and saw 6 of its levels.

You collected 198 gold pieces.

Inventory:

Hand Weapons
 g - a +0 short sword of freezing (weapon)
 q - a +3 dagger
Missiles
 j - 8 curare-tipped darts
 r - 7 poisoned darts
Armour
 b - a +0 leather armour (worn)
 i - a +2 hat (worn)
 o - a scarf of harm (worn)
Magical Staves
 s - a staff of fire
Jewellery
 p - a +4 ring of evasion (left hand)
Wands
 c - a wand of flame (3) (quivered)
 d - a wand of charming (8)
 u - a wand of paralysis (9)
Scrolls
 a - a scroll of teleportation {unknown}
 f - 8 scrolls of identify {unknown}
 k - a scroll of amnesia {unknown}
 l - a scroll of noise {unknown}
 t - a scroll of enchant weapon {unknown}
 v - a scroll of acquirement {unknown}
 w - a scroll of immolation {unknown}
Potions
 h - 2 potions of invisibility {unknown}
 m - 3 potions of berserk rage {unknown}
 n - 3 potions of curing {unknown}
 x - a potion of might {unknown}
Miscellaneous
 e - a piece from Xom's chessboard (15/15)


   Skills:
 + Level 2.2 Fighting
 + Level 3.1 Short Blades
 - Level 2.0 Armour
 + Level 3.1 Dodging
 - Level 1.0 Stealth
 + Level 4.5 Evocations


You had 5 spell levels left.
You didn't know any spells.
Your spell library was empty.

Dungeon Overview and Level Annotations

Branches:
Dungeon (5/15)             Temple (1/1) D:4

Altars:
Ashenzari
Cheibriados
Dithmenos
Elyvilon
Hepliaklqana
Kikubaaqudgha
Nemelex Xobeh
Okawaru
Qazlal
Ru
Sif Muna
Trog
Vehumet
Yredelemnul
Zin

Annotations:
D:4 exclusion: upstairs


Message History

You hit the wyvern zombie.
The wyvern zombie is lightly damaged.
The wyvern zombie misses you.
You hit the wyvern zombie.
The wyvern zombie is moderately damaged.
The wyvern zombie bites you but does no damage.
The wyvern zombie bites you!
You hit the wyvern zombie.
The wyvern zombie is moderately damaged.
The wyvern zombie bites you.
You hit the wyvern zombie.
The wyvern zombie is heavily damaged.
The wyvern zombie barely misses you.
You hit the wyvern zombie.
The wyvern zombie is heavily damaged.
The wyvern zombie bites you.
You barely miss the wyvern zombie.
The wyvern zombie is heavily damaged.
The wyvern zombie completely misses you. x2
You hit the wyvern zombie but do no damage.
The wyvern zombie is heavily damaged.
The wyvern zombie bites you but does no damage.
You hit the wyvern zombie but do no damage.
The wyvern zombie is heavily damaged.
The wyvern zombie bites you but does no damage.
You barely miss the wyvern zombie.
The wyvern zombie is heavily damaged.
The wyvern zombie bites you.
You hit the wyvern zombie but do no damage.
The wyvern zombie is heavily damaged.
The wyvern zombie barely misses you.
You hit the wyvern zombie.
The wyvern zombie is heavily damaged.
The wyvern zombie bites you.
* * * LOW HITPOINT WARNING * * *
The wyvern zombie closely misses you.
You hit the wyvern zombie.
The wyvern zombie is severely damaged.
The wyvern zombie bites you!
You die...

#.# #.# #..# ... #.# #.#####
#..##+#... #.# +.+...#
#......... ####.# #.###.#
#......... .....# #.# #.#
#..(......
.....###+###.###'###.........
.....'.............Z.........
.....###+###.###Z###.........
.....# #.# #@# #.........
.....# #.# #.# #.........
.....# +.+...# #.........
####.# #.##### #......... #.#
#.# #......... #.#######+###
#.(##.##.. #............ ....
.# .. ##...........
#...........


You could see a wyvern zombie.

Vanquished Creatures
  A centaur zombie (D:5)
  A centaur skeleton (D:4)
  An iguana (D:3)
  Natasha (thrice) (D:4)
  Robin (D:2)
  3 adders
  A shadow imp (D:3)
  A white imp (D:5)
  2 dart slugs
  3 orcs (D:3)
  5 ball pythons
  5 bats
  4 endoplasms
  4 giant cockroaches
  12 goblins
  6 hobgoblins
  4 jackals (D:3)
  3 quokkas
  3 frilled lizards
  6 kobolds
  8 rats
77 creatures vanquished.

Vanquished Creatures (collateral kills)
  An orc (D:3)
1 creature vanquished.

Vanquished Creatures (others)
  An orc priest (D:3)
  A fungus (D:3)
  5 plants (D:3)
7 creatures vanquished.

Grand Total: 85 creatures vanquished

Notes
Turn   | Place    | Note
-------+----------+-------------------------------------------
     0 | D:1      | H0rd4k the Human Artificer began the quest for the Orb.
     0 | D:1      | Reached XP level 1. HP: 15/15 MP: 1/1
   580 | D:1      | Reached XP level 2. HP: 17/21 MP: 2/2
  1019 | D:2      | Reached skill level 1 in Short Blades
  1019 | D:2      | Reached XP level 3. HP: 18/26 MP: 3/3
  1432 | D:2      | Reached skill level 4 in Evocations
  1721 | D:2      | Reached XP level 4. HP: 32/32 MP: 4/4
  1898 | D:2      | Noticed Robin
  1902 | D:2      | Killed Robin
  2606 | D:3      | Found a hazy altar of Hepliaklqana.
  2880 | D:3      | Found a faded altar of an unknown god.
  2929 | D:3      | Reached XP level 5. HP: 37/37 MP: 5/5
  3915 | D:4      | Noticed a phantom
  4050 | D:4      | Found a radiant altar of Vehumet.
  4150 | D:4      | Found a broken altar of Ashenzari.
  4150 | D:4      | Found a stormy altar of Qazlal.
  4204 | D:4      | Found an ancient bone altar of Kikubaaqudgha.
  4251 | D:4      | Found a staircase to the Ecumenical Temple.
  4256 | D:4      | Noticed Natasha
  4264 | D:4      | Killed Natasha
  4265 | D:4      | Reached XP level 6. HP: 41/44 MP: 6/6
  4274 | Temple   | Entered the Ecumenical Temple
  4697 | D:4      | Noticed Natasha
  4711 | D:4      | Killed Natasha
  5038 | D:4      | Noticed Natasha
  5052 | D:4      | Killed Natasha
  5271 | D:5      | Entered Level 5 of the Dungeon
  5855 | D:5      | Slain by a wyvern zombie

Illustrated notes

Levels and vault maps discovered:
D:1:      psy_arrival_spokes, layout_loops_ring
D:2:      layout_loops_ring, uniq_robin
D:3:      layout_basic, mainiacjoe_overflow_paths,
          shapermc_ecumenical_altar_mp_ritualfount
D:4:      layout_basic, overflow_temple_1_default,
          lemuel_coloured_pillars_altar,
          chequers_temple_overflow_statue_of_worship,
          minmay_temple_entry_junction, uniq_natasha
D:5:      layout_basic, minmay_door_square, chequers_arboretum
Temple:   cyrus_temple_forest

Skill      XL: |  1  2  3  4  5  6 |
---------------+-------------------+-----
Short Blades   | 1 2 3 |  3.1
Evocations     | 4 |  4.5
Dodging        | 2 3 |  3.1
Fighting       | 2 |  2.2
Armour         | |  2.0
Stealth        | |  1.0

Action                   |  1- 3 |  4- 6 || total
-------------------------+-------+-------++-------
Melee: Club              |    10 |       ||    10
       Short sword       |    80 |   241 ||   321
Evoke: Wand              |     3 |    16 ||    19
 Stab: Sleeping          |     1 |     2 ||     3
Armor: Leather armour    |    21 |    89 ||   110
Dodge: Dodged            |    60 |   161 ||   221
